 Dungeon Sprint DCSS version 0.17.0-28-g6e173f8 (webtiles) character file.

616 Avanven the Basher (level 7, 0/76 HPs)
             Began as a Gargoyle Berserker on Nov 23, 2015.
             Was a Priest of Trog.
             Rolled over by a boulder beetle (29 damage)
             ... in the Dungeon (Sprint II: "The Violet Keep of Menkaure").
             The game lasted 00:01:06 (326 turns).

Avanven the Basher (Gargoyle Berserker)              Turns: 326, Time: 00:01:06

Health: 0/76       AC:  7    Str: 27    XL:     7   Next: 45%
Magic:  7/7        EV: 12    Int:  8    God:    Trog [***...]
Gold:   486        SH:  0    Dex:  9    Spells: 0 memorised, 6 levels left

rFire  . . .     SeeInvis .     a - +0 mace
rCold  . . .     Clarity  .     b - +0 animal skin
rNeg   + . .     SustAt   .     (no shield)
rPois  ∞         Gourm    .     (no helmet)
rElec  +         Spirit   .     (no cloak)
rCorr  .         Warding  .     (no gloves)
rMut   .         NoTele   +     (no boots)
MR     .....                    (no amulet)
Stlth  ..........               (no ring)
                                (no ring)

@: berserking (expiring), very quick, not resistant to hostile enchantments,
extremely unstealthy
A: negative energy resistance 1, electricity resistance, unbreathing,
petrification resistance, rot immunity, AC +4
a: Berserk, Trog's Hand, Burn Spellbooks, Renounce Religion


You were in the Dungeon.
You worshipped Trog.
Trog was most pleased with you.
You were hungry.

You visited 1 branch You collected 486 gold pieces.

Inventory:

Hand Weapons
 a - a +0 mace (weapon)
Armour
 b - a +0 animal skin (worn)
Scrolls
 i - a scroll of blinking
Potions
 d - a potion of curing
 e - a potion of heal wounds
 f - a potion of haste
 g - 2 potions of magic
 h - a potion of berserk rage
Comestibles
 c - a bread ration
 j - 6 chunks of flesh


   Skills:
 + Level 9.2 Fighting
 * Level 11.4 Maces & Flails
 + Level 8.9 Armour
 - Level 1.5 Dodging


You had 6 spell levels left.
You didn't know any spells.

Dungeon Overview and Level Annotations

Branches:
Dungeon (1/1)

Altars:


Innate Abilities, Weirdness & Mutations

You are resistant to torment.
Your stone body is resilient (AC +4).
You are immune to poison.
You resist negative energy.
You are resistant to electric shocks.
You can survive without breathing.
You are immune to petrification.
You are immune to rotting.


Message History

The boulder beetle bites you!!!
Ouch! That really hurt!
You hit the boulder beetle but do no damage.
The boulder beetle is heavily wounded.
You hit the boulder beetle.
The boulder beetle is heavily wounded.
The boulder beetle bites you.
You sock the boulder beetle!
The boulder beetle is severely wounded.
You sock the boulder beetle!
You kill the boulder beetle!
Trog accepts your kill.
Your Fighting skill increases to level 9!
Your Maces & Flails skill increases to level 11!
You have reached level 7!
The boulder beetle curls into a ball and starts rolling!
You sock the boulder beetle!
The boulder beetle is moderately wounded.
The boulder beetle smashes into you!
You die...

## ## ##. .##
.. .. ## §#.
###
##.###B###.##
#...##@##...#
#)'.<.+.##+
#...##.####
##.###'# ##
#.# #..#..#
##. .## ## ##


You could see a boulder beetle.

Vanquished Creatures
  A siren (D)
  A boulder beetle (D)
  4 worker ants (D)
  2 worms (D)
8 creatures vanquished.

Vanquished Creatures (others)
  Menkaure (D)
1 creature vanquished.

Grand Total: 9 creatures vanquished

Notes
Turn   | Place    | Note
--------------------------------------------------------------
     0 | D        | Avanven the Gargoyle Berserker began the quest for the Orb.
     0 | D        | Reached XP level 1. HP: 14/14 MP: 1/1
     1 | D        | Noticed a boulder beetle
     1 | D        | Noticed a boulder beetle
    13 | D        | Reached skill level 4 in Maces & Flails
    13 | D        | Reached XP level 2. HP: 19/20 MP: 2/2
    93 | D        | Killed Menkaure
   107 | D        | Noticed a worker ant
   107 | D        | Noticed a worker ant
   109 | D        | Noticed a worker ant
   109 | D        | Noticed a worker ant
   118 | D        | Killed a worker ant
   118 | D        | Reached ** piety under Trog
   118 | D        | Reached skill level 5 in Maces & Flails
   118 | D        | Reached XP level 3. HP: 24/24 MP: 3/3
   120 | D        | Killed a worker ant
   120 | D        | Reached skill level 5 in Fighting
   121 | D        | Killed a worker ant
   121 | D        | Reached skill level 6 in Maces & Flails
   121 | D        | Reached XP level 4. HP: 31/31 MP: 4/4
   127 | D        | Killed a worker ant
   127 | D        | Reached *** piety under Trog
   127 | D        | Reached skill level 7 in Maces & Flails
   127 | D        | Reached skill level 5 in Armour
   205 | D        | Noticed a siren
   214 | D        | Killed a siren
   214 | D        | Reached skill level 8 in Fighting
   214 | D        | Reached skill level 10 in Maces & Flails
   214 | D        | Reached XP level 5. HP: 40/40 MP: 5/5
   214 | D        | Reached XP level 6. HP: 44/45 MP: 6/6
   325 | D        | Killed a boulder beetle
   325 | D        | Reached skill level 11 in Maces & Flails
   325 | D        | Reached XP level 7. HP: 29/51 MP: 7/7
   326 | D        | Rolled over by a boulder beetle

Action                   |  1- 3 |  4- 6 |  7- 9 || total
-------------------------+-------+-------+-------++-------
Melee: Mace              |    16 |    26 |     1 ||    43
Invok: Berserk           |     2 |     2 |       ||     4
  Eat: Chunk             |       |     1 |       ||     1
